 Dungeon Crawl Stone Soup version 0.29.1-15-g9cfb28693d (webtiles) character file.

Game seed: 13671523769349531803

41 Thatpatchoflichen the Trooper (level 3, 0/33 HPs)
             Began as a Ghoul Monk on Feb 23, 2023.
             Slain by Ijyb
             ... wielding a +2 dagger of holy wrath
              (9 damage)
             ... on level 3 of the Dungeon.
             The game lasted 00:02:26 (1683 turns).

Thatpatchoflichen the Trooper (Ghoul Monk)          Turns: 1683, Time: 00:02:27

Health: 0/33       AC:  8    Str: 14    XL:     3   Next: 52%
Magic:  2/2        EV:  6    Int:  5    God:
Gold:   68         SH:  0    Dex: 13    Spells: 2/2 levels left

rFire   . . .      SeeInvis .   a - +0 falchion
rCold   + . .      Faith    .   (no shield)
rNeg    + + +      Spirit   .   i - +0 chain mail {Will+}
rPois   ∞          Reflect  .   (no helmet)
rElec   .          Harm     .   (no cloak)
rCorr   .          Rampage  .   (no gloves)
Will    +....                   (no boots)
Stlth   ..........              (no amulet)
HPRegen 0.00/turn               (no ring)
MPRegen 0.08/turn               (no ring)

@: inhibited regen
A: claws 1, cold resistance 1, negative energy resistance 3, inhibited
regeneration, torment resistance 2, devour on kill
a: no special abilities


You were on level 3 of the Dungeon.
You visited 1 branch of the dungeon, and saw 3 of its levels.

You collected 68 gold pieces.

Inventory:

Hand Weapons
 a - a +0 falchion (weapon)
Armour
 b - a +0 robe
 d - a +0 leather armour
 i - a +0 chain mail of willpower (worn)
Scrolls
 e - a scroll of noise {unknown}
 g - a scroll of teleportation {unknown}
 k - a scroll of fog {unknown}
Potions
 c - a potion of ambrosia
 f - a potion of degeneration {unknown}
 h - 2 potions of might {unknown}
 j - a potion of haste {unknown}


   Skills:
 - Level 4.0 Fighting
 + Level 3.3 Long Blades
 - Level 3.0 Dodging
 - Level 2.1 Stealth


You had 2 spell levels left.
You didn't know any spells.
Your spell library contained the following spells:

 Spells                   Type           Power      Damage    Failure   Level
 Corpse Rot               Necr/Pois/Air  0%         N/A       100%        4
 Dispel Undead            Necr           0%         3d6       100%        4
 Death Channel            Necr           0%         N/A       100%        6


Dungeon Overview and Level Annotations

Branches:
Dungeon (3/15)

Altars:

Annotations:
D:2 Sigmund
D:3 Ijyb


Innate Abilities, Weirdness & Mutations

You are immune to poison.
You have sharp fingernails.
Your flesh is cold resistant. (rC+)
You are immune to negative energy. (rN+++)
You do not regenerate when monsters are visible.
You are immune to unholy pain and torment.
You thrive by killing the living.


Message History

The hobgoblin hits you but does no damage.
The rat bites you but does no damage. x2
The hobgoblin hits you but does no damage.
You closely miss the rat.
The rat is moderately wounded.
The hobgoblin barely misses you. The rat bites you.
You slash the rat!
You kill the rat!
You feel better. The hobgoblin completely misses you.
Found 11 gold pieces.
The hobgoblin completely misses you.
You hit the hobgoblin.
The hobgoblin is severely wounded.
The hobgoblin hits you but does no damage.
You hit the hobgoblin.
You kill the hobgoblin!
You see here a hobgoblin corpse.
Ijyb the Twisted Goblin comes into view.
She is wielding a +2 dagger of holy wrath and carrying a wand of mindburst (20).
Ijyb shouts!
Ijyb zaps a wand.
You resist with significant effort.
You see here 11 gold pieces.
Found a robe.
Ijyb zaps a wand.
Your mind is blasted!
Ijyb zaps a wand.
You resist with significant effort.
You barely miss Ijyb. You claw Ijyb.
Ijyb is lightly wounded.
Ijyb hits you with a +2 dagger of holy wrath.
You convulse.
You closely miss Ijyb.
Ijyb is lightly wounded.
Ijyb hits you with a +2 dagger of holy wrath.
You convulse.
You hit Ijyb but do no damage.
Ijyb is lightly wounded.
Ijyb zaps a wand.
You resist with significant effort. Ijyb completely misses you.
You closely miss Ijyb.
Ijyb is lightly wounded.
Ijyb hits you with a +2 dagger of holy wrath.
* * * LOW HITPOINT WARNING * * *
You convulse!
You die...

#### ##### ..#####
......####.#...#
#..g@...#...###
...[....#.$......##
#.##..#.#....<....#
#..............#
...####.##...##.##
.##......##†.......
# # ###.......#.##
#.....##..# #
#.....##..# #


You could see Ijyb.

Vanquished Creatures
  2 bats (D:1)
  2 endoplasms (D:1)
  4 giant cockroaches
  3 goblins (D:1)
  4 hobgoblins
  5 quokkas
  7 ball pythons
  3 frilled lizards (D:1)
  4 kobolds (D:1)
  3 rats
37 creatures vanquished.

Notes
Turn   | Place    | Note
-------+----------+-------------------------------------------
     0 | D:1      | Thatpatchoflichen the Ghoul Monk began the quest for the
                  | Orb.
     0 | D:1      | Reached XP level 1. HP: 19/19 MP: 0/0
   460 | D:1      | Reached XP level 2. HP: 12/26 MP: 1/1
   927 | D:1      | Reached XP level 3. HP: 8/33 MP: 2/2
  1586 | D:2      | Noticed Sigmund
  1608 | D:3      | Reached skill level 4 in Fighting
  1675 | D:3      | Noticed Ijyb
  1683 | D:3      | Slain by Ijyb

Illustrated notes

Levels and vault maps discovered:
D:1:      mrwooster_arrival_statue, layout_rooms
D:2:      layout_rooms, basic_altar, uniq_sigmund
D:3:      layout_loops_cross, mainiacjoe_overflow_alcove_1,
          shapermc_ecumenical_altar_rom_forum, uniq_ijyb, uniq_terence

Skill      XL: |  1  2  3 |
---------------+----------+-----
Long Blades    | 3 |  3.3
Dodging        | 3 |  3.0
Fighting       | 4 |  4.0
Stealth        | |  2.1

Action                   || total
-------------------------++-------
Melee: Falchion          ||   126
       Punch             ||     3
Armor: Robe              ||    15
       Chain mail        ||    35
Dodge: Dodged            ||   122
